 Dungeon Crawl Stone Soup version 0.29.1-2-gbd0b4ee654 (webtiles) character file.

Game seed: 6125018601739673676

3206 plokij the Chopper (level 9, -16/79 HPs)
             Began as a Minotaur Abyssal Knight on Oct 23, 2022.
             Was a High Priest of Lugonu.
             Shot with a bolt by a tengu warrior (26 damage)
             ... on level 8 of the Dungeon.
             The game lasted 00:23:59 (5469 turns).

plokij the Chopper (Minotaur Abyssal Knight)        Turns: 5469, Time: 00:23:59

Health: -16/79     AC: 17    Str: 28    XL:     9   Next: 65%
Magic:  21/21      EV: 14    Int: 11    God:    Lugonu [*****.]
Gold:   351        SH:  0    Dex: 11    Spells: 6/8 levels left

rFire   . . .      SeeInvis .   y - +1 war axe (elec)
rCold   + . .      Faith    .   (no shield)
rNeg    + . .      Spirit   .   L - +9 ring mail "Tuemaewa" {rPois rC+ rN+ Int+4}
rPois   +          Reflect  .   (helmet restricted)
rElec   .          Harm     .   (no cloak)
rCorr   .          Rampage  .   (no gloves)
Will    .....                   h - +0 pair of boots
Stlth   +.........              c - amulet of regeneration
HPRegen 1.03/turn               E - ring of magical power
MPRegen 0.17/turn               b - +6 ring of strength

@: no status effects
A: horns 2, retaliatory headbutt
a: Renounce Religion, Depart the Abyss, Bend Space, Banish, Corrupt, Enter the
Abyss


You were on level 8 of the Dungeon.
You worshipped Lugonu.
Lugonu was extremely pleased with you.
You visited 2 branches of the dungeon, and saw 9 of its levels.
You visited the Abyss 1 time.
You also visited: Ossuary.

You collected 351 gold pieces.

Inventory:

Hand Weapons
 y - a +1 war axe of electrocution (weapon)
 J - a +0 longbow
Missiles
 s - 2 throwing nets
Armour
 h - a +0 pair of boots (worn)
 L - the +9 ring mail "Tuemaewa" (worn) {rPois rC+ rN+ Int+4}
   (You found it on level 7 of the Dungeon)

   Int:       It affects your intelligence (+4).
   rC:        It protects you from cold.
   rPois:     It protects you from poison.
   rN:        It protects you from negative energy.
Jewellery
 b - a +6 ring of strength (right hand)
 c - an amulet of regeneration (around neck)
 q - a ring of ice
 t - an amulet of magic regeneration
 E - a ring of magical power (left hand)
Wands
 n - a wand of light (6)
 u - a wand of paralysis (5)
 w - a wand of flame (17)
Scrolls
 a - a scroll of blinking {unknown}
 d - 2 scrolls of teleportation {unknown}
 i - 2 scrolls of fear {unknown}
 l - a scroll of magic mapping {unknown}
 o - 5 scrolls of identify {unknown}
 p - 3 scrolls of noise {unknown}
 r - a scroll of immolation {unknown}
 B - 3 scrolls of enchant armour {unknown}
 C - 3 scrolls of poison {unknown}
 F - 2 scrolls of brand weapon {unknown}
 I - 2 scrolls of amnesia {unknown}
 K - a scroll of enchant weapon {unknown}
Potions
 e - 2 potions of berserk rage {unknown}
 f - 6 potions of curing {unknown}
 g - 3 potions of invisibility {unknown}
 j - 3 potions of cancellation {unknown}
 k - 4 potions of might {unknown}
 m - 2 potions of resistance {unknown}
 v - 3 potions of magic {unknown}
 x - 2 potions of haste {unknown}
 z - 2 potions of heal wounds {unknown}
 D - 4 potions of degeneration {unknown}
 G - a potion of mutation {unknown}
 H - 2 potions of attraction {unknown}


   Skills:
 + Level 7.5 Fighting
 + Level 7.9 Axes
 * Level 7.4 Armour
 + Level 7.8 Dodging
 + Level 5.8 Invocations


You had 6 spell levels left.
You knew the following spells:

 Your Spells              Type           Power      Damage    Failure   Level
a - Blink                 Tloc           0%         N/A       58%         2

Your spell library contained the following spells:

 Spells                   Type           Power      Damage    Failure   Level
 Freeze                   Ice            0%         1d3       43%         1
 Magic Dart               Conj           0%         1d3       43%         1
 Sandblast                Erth           0%         2d4       43%         1
 Call Imp                 Summ           0%         N/A       58%         2
 Passwall                 Tmut/Erth      0%         N/A       58%         2
 Searing Ray              Conj           0%         2d4       58%         2
 Sublimation of Blood     Necr           0%         N/A       58%         2
 Wereblood                Tmut           0%         N/A       58%         2
 Frozen Ramparts          Ice            0%         1d1       82%         3
 Lesser Beckoning         Tloc           0%         N/A       82%         3
 Mephitic Cloud           Conj/Pois/Air  0%         N/A       82%         3
 Stone Arrow              Conj/Erth      0%         3d7       82%         3
 Animate Armour           Summ/Erth      0%         N/A       99%         4
 Corpse Rot               Necr/Pois/Air  0%         N/A       99%         4
 Fulminant Prism          Conj/Hex       0%         3d6       99%         4
 Hailstorm                Conj/Ice       0%         3d3       99%         4
 Leda's Liquefaction      Hex/Erth       0%         N/A       99%         4
 Manifold Assault         Tloc           0%         N/A       100%        5
 Summon Hydra             Summ           0%         N/A       100%        7


Dungeon Overview and Level Annotations

Branches:
Dungeon (8/15)             Temple (1/1) D:7            Lair (0/5) D:8
Ossuary (visited)

Altars:
Ashenzari
Cheibriados
Dithmenos
Elyvilon
Fedhas
Gozag
Hepliaklqana
Makhleb
Nemelex Xobeh
Okawaru
Qazlal
Ru
Sif Muna
Trog
Uskayaw
Vehumet
Wu Jian
Xom
Yredelemnul
Zin
The Shining One

Shops:
D:8 (


Innate Abilities, Weirdness & Mutations

You have a pair of horns on your head.
You reflexively headbutt those who attack you in melee.


Message History

Found an escape hatch in the ceiling.
There is an escape hatch in the floor here.
There is an escape hatch in the ceiling here.
A hornet comes into view.
The hornet buzzes angrily.
You slash the hornet! Your headbutt misses the hornet.
Your punch misses the hornet.
The hornet is heavily wounded.
The hornet stings you but does no damage.
The hornet closely misses you.
You slash the hornet! Your headbutt misses the hornet.
The hornet is severely wounded.
The hornet stings you but does no damage. x2
You hit the hornet but do no damage. Your headbutt misses the hornet.
The hornet is severely wounded.
The hornet stings you but does no damage.
You slash the hornet!
You kill the hornet!
Lugonu accepts your kill.
No target in view!
You see here a hornet corpse.
Found a stone staircase leading down.
Found a scroll labelled NIAX HYNTEB MOBLO.
Found a wand of flame (12).
d - 2 scrolls labelled NIAX HYNTEB MOBLO (gained 1)
A tengu warrior is nearby!
The tengu warrior shouts!
The tengu warrior shoots a bolt.
The bolt hits you!
The tengu warrior shoots a bolt.
The bolt hits you!
You hear a shout!
The tengu warrior shoots a bolt.
The bolt hits you!!
The tengu conjurer shouts!
The tengu warrior shoots a bolt.
The bolt misses you.
The tengu warrior shoots a bolt.
The bolt misses you.
The tengu warrior shoots a bolt.
The bolt hits you!!
* * * LOW HITPOINT WARNING * * *
The tengu warrior shoots a bolt.
The bolt hits you!
* * * LOW HITPOINT WARNING * * *
The tengu warrior shoots a bolt.
The bolt hits you!!
You die...

############......<......>..
#........†...###############
#.############ #.# #.. #.#
#.# . #.# #.# .. #.# #.#
#..###.# #.# #......# #@#
##.##..# ###.### ##.##..#
#.....# .......#######.###.#
.#.#...Q.....Q.# #.#
.......Q.....Q/# #.#
.......>.#####.....#
.###.......# #.##### #
#.###.#.# #.#


You could see a tengu warrior and a tengu conjurer.

Vanquished Creatures
  A hornet (D:8)
  A wyvern (D:7)
  Eustachio (D:6)
  3 steam dragons
  A water moccasin (D:5)
  An ice beast (D:5)
  2 orc warriors
  A black bear (D:5)
  2 ogres
  3 centaurs
  A phantom (D:4)
  An elf zombie (Ossuary)
  4 wights
  5 killer bees (D:8)
  3 howler monkeys (D:7)
  A centaur zombie (Ossuary)
  A human zombie (Ossuary)
  A gnoll bouda (D:6)
  3 hounds
  2 orc priests
  Jessica (D:3)
  3 iguanas
  Ijyb (D:3)
  3 orc wizards
  2 mummies (Ossuary)
  Robin (D:3)
  9 gnolls
  4 adders
  2 white imps (D:6)
  An adder zombie (Ossuary)
  2 dart slugs
  24 orcs
  4 ball pythons
  2 bats
  7 endoplasms
  A giant cockroach (D:1)
  15 goblins
  6 hobgoblins
  3 jackals (D:1)
  12 kobolds
  4 quokkas
  2 frilled lizards
  13 hobgoblin zombies (Ossuary)
  2 jackal zombies (Ossuary)
  8 kobold zombies (Ossuary)
  8 orc zombies (Ossuary)
  3 rats (D:1)
  2 rat zombies (Ossuary)
183 creatures vanquished.

Vanquished Creatures (others)
  A jelly (D:7)
  An orc (D:7)
2 creatures vanquished.

Grand Total: 185 creatures vanquished

Notes
Turn   | Place    | Note
-------+----------+-------------------------------------------
     0 | Abyss:1  | plokij the Minotaur Abyssal Knight began the quest for the
                  | Orb.
     0 | Abyss:1  | Reached XP level 1. HP: 19/19 MP: 1/1
     0 | D:1      | Escaped the Abyss
   166 | D:1      | Reached XP level 2. HP: 26/27 MP: 2/2
   870 | D:2      | Found a faded altar of an unknown god.
   932 | D:2      | Reached XP level 3. HP: 33/33 MP: 3/3
  1399 | D:3      | Noticed Ijyb
  1400 | D:3      | Paralysed by Ijyb for 5 turns
  1413 | D:3      | Paralysed by Ijyb for 5 turns
  1423 | D:3      | Killed Ijyb
  1424 | D:3      | Reached XP level 4. HP: 40/40 MP: 4/4
  1543 | D:3      | Noticed Jessica
  1552 | D:3      | Killed Jessica
  1569 | D:3      | Reached *** piety under Lugonu
  1604 | D:3      | Noticed Robin
  1620 | D:3      | Killed Robin
  1640 | D:3      | Learned a level 2 spell: Blink
  1884 | D:4      | Reached XP level 5. HP: 46/46 MP: 6/6
  1993 | D:4      | Noticed a phantom
  1996 | D:4      | Found a sand-covered staircase.
  2002 | Ossuary  | Entered an ossuary
  2126 | Ossuary  | Reached **** piety under Lugonu
  2128 | Ossuary  | Reached XP level 6. HP: 48/53 MP: 7/7
  2137 | Ossuary  | Reached skill level 5 in Axes
  2438 | D:4      | Reached skill level 5 in Fighting
  2824 | D:5      | Entered Level 5 of the Dungeon
  2833 | D:5      | Noticed an ice beast
  2833 | D:5      | Noticed a water moccasin
  2882 | D:5      | Reached XP level 7. HP: 61/61 MP: 8/8
  3394 | D:5      | Reached XP level 8. HP: 70/70 MP: 10/10
  3463 | D:5      | Reached skill level 5 in Armour
  3578 | D:6      | Reached skill level 5 in Dodging
  3892 | D:6      | Reached ***** piety under Lugonu
  4126 | D:6      | Noticed Eustachio
  4138 | D:6      | Killed Eustachio
  4226 | D:7      | Found a staircase to the Ecumenical Temple.
  4293 | Temple   | Entered the Ecumenical Temple
  4614 | D:7      | Identified the +9 ring mail "Tuemaewa" {rPois rC+ rN+
                  | Int+4}
  4668 | D:7      | Reached skill level 5 in Invocations
  4670 | D:7      | Reached XP level 9. HP: 54/78 MP: 11/11
  4973 | D:7      | Got the Anthology of the Birds and Minerals
  5154 | D:8      | Noticed a tengu warrior
  5154 | D:8      | Noticed a tengu conjurer
  5154 | D:8      | Found a staircase to the Lair.
  5299 | D:8      | Found Zawnu's Weapon Emporium.
  5469 | D:8      | Shot with a bolt by a tengu warrior

Illustrated notes

Levels and vault maps discovered:
D:1:      dpeg_arrival_water_temple_mockup, layout_basic
D:2:      layout_rooms, ebering_ecumenical_altar_webs
D:3:      layout_basic, uniq_ijyb, uniq_robin, uniq_jessica
D:4:      layout_rooms, enter_ossuary_2
D:5:      layout_rooms, serial_curves, eino_curves_03, eino_curves_02
D:6:      layout_loops_cross, uniq_eustachio
D:7:      layout_rooms, minmay_temple_entry_grid
D:8:      layout_loops_ring, lair_entry_dummy, serial_shops, shop, uniq_maggie
Temple:   mainiacjoe_temple_archimedes_tessellation

Skill      XL: |  1  2  3  4  5  6  7  8  9 |
---------------+----------------------------+-----
Invocations    | 2 3 4 5 |  5.8
Axes           | 3 4 5 6 7 |  7.9
Fighting       | 4 5 6 7 |  7.5
Armour         | 3 4 6 7 |  7.4
Dodging        | 2 3 4 6 7 |  7.8

Action                   |  1- 3 |  4- 6 |  7- 9 || total
-------------------------+-------+-------+-------++-------
Melee: Hand axe          |    96 |    50 |       ||   146
       Headbutt          |    13 |    12 |    28 ||    53
       War axe           |       |    85 |   178 ||   263
       Punch             |       |     1 |     2 ||     3
Invok: Depart the Abyss  |     1 |       |       ||     1
Armor: Leather armour    |     3 |       |       ||     3
       Chain mail        |    47 |    69 |       ||   116
       Plate armour      |       |     9 |    65 ||    74
       Ring mail         |       |       |    42 ||    42
Dodge: Dodged            |    38 |    54 |   112 ||   204
